 Dungeon Crawl Stone Soup version 0.25.0-11-g1f837a76a1 (console) character file.

Game seed: 14616433894417550514

67207 Kagalorn the Martial Artist (level 15, -2/103 HPs)
             Began as an Octopode Arcane Marksman on June 26, 2020.
             Was an Initiate of Gozag.
             Slain by a manticore (12 damage)
             ... on level 12 of the Dungeon.
             The game lasted 02:24:57 (47257 turns).

Kagalorn the Martial Artist (OpAM)                 Turns: 47257, Time: 02:24:59

Health: -2/103     AC:  2    Str:  9    XL:     15   Next: 22%
Magic:  32/38      EV: 34    Int: 22    God:    Gozag
Gold:   2075       SH:  0    Dex: 18    Spells: 23/34 levels left

rFire    + . .     SeeInvis .     - Unarmed
rCold    . . .     Gourm    .   (shield currently unavailable)
rNeg     + . .     Faith    .   (helmet currently unavailable)
rPois    .         Spirit   .   V - amulet of regeneration
rElec    .         Reflect  .   i - ring of resist corrosion
rCorr    +         Harm     .   k - +4 ring of evasion
MR       +....                  v - ring of magical power
Stlth    +++++.....             A - ring of flight
HPRegen  0.67/turn              I - ring of poison resistance
MPRegen  0.26/turn              P - ring of protection from fire
                                U - ring of positive energy
                                Y - ring of wizardry

@: spider-form
A: tiny, almost no armour, stealthy swim, (amphibious), 8 rings, (constrict 8)
a: End Transformation, Potion Petition, Call Merchant, Bribe Branch, Renounce
Religion, Evoke Flight


You were on level 12 of the Dungeon.
You worshipped Gozag.
Gozag was most pleased with you.
You were very hungry.
You were a venomous arachnid creature.
You visited 4 branches of the dungeon, and saw 21 of its levels.
You also visited: Ice Cave.

You collected 9623 gold pieces.
You spent 4231 gold pieces at shops.
You paid 3317 gold pieces to Gozag.

Inventory:

Hand Weapons
 a - a +2 short sword of electrocution (melded)
 b - a +0 eveningstar of protection
Missiles
 c - 4 throwing nets
 e - 116 sling bullets
 g - 479 stones
 h - 37 boomerangs
 l - 10 poisoned darts
 n - 5 curare-tipped darts (quivered)
 s - 6 silver boomerangs
 N - 5 javelins
Armour
 M - a +0 buckler (melded)
Magical Staves
 L - an uncursed staff of death
 O - an uncursed staff of air
Jewellery
 i - a ring of resist corrosion (left front leg)
 k - a +4 ring of evasion (right front leg)
 v - a ring of magical power (on tentacle)
 A - a ring of flight (on tentacle)
 I - a ring of poison resistance (on tentacle)
 P - a ring of protection from fire (on tentacle)
 U - a ring of positive energy (on tentacle)
 V - an amulet of regeneration (around neck)
 Y - a ring of wizardry (on tentacle)
Wands
 o - a wand of random effects (67)
 y - a wand of enslavement (16)
 C - a wand of flame (55)
 E - a wand of polymorph (20)
 R - a wand of paralysis (9)
Scrolls
 f - 3 scrolls of teleportation
 m - 7 scrolls of remove curse
 r - 6 scrolls of magic mapping
 u - 8 scrolls of amnesia
 x - 5 scrolls of fog
 F - 2 scrolls of enchant weapon
 H - 7 scrolls of enchant armour
 Q - 8 scrolls of identify
 W - a scroll of summoning
 X - a scroll of blinking
Potions
 j - a potion of invisibility
 p - 2 potions of cancellation
 q - 10 potions of curing
 t - 6 potions of haste
 w - a potion of resistance
 z - 6 potions of lignification
 B - a potion of heal wounds
 D - 3 potions of flight
 G - 2 potions of stabbing
 J - 3 potions of might
 K - 3 potions of ambrosia
 S - 2 potions of mutation
 T - a potion of magic
Comestibles
 d - 17 rations


   Skills:
 - Level 10.0 Fighting
 - Level 2.1 Throwing
 - Level 10.0 Dodging
 - Level 10.0 Stealth
 - Level 4.0 Shields
 + Level 12.4 Unarmed Combat
 - Level 10.0 Spellcasting
   Level 3.0 Hexes
 - Level 10.0 Transmutations
 - Level 4.0 Ice Magic
 - Level 4.0 Earth Magic
 - Level 3.0 Poison Magic
 - Level 8.0 Evocations


You had 23 spell levels left.
You knew the following spells:

 Your Spells              Type           Power        Failure   Level  Hunger
b - Spider Form           Tmut/Pois      #####.....   2%          3    None
c - Ice Form              Ice/Tmut       #####...     4%          4    ##.....
d - Petrify               Tmut/Erth      #####...     4%          4    ##.....

Your spell library contained the following spells:

 Spells                   Type           Power        Failure   Level  Hunger
 Beastly Appendage        Tmut           ######       1%          1    None
 Sticks to Snakes         Tmut           ######..     1%          2    None
 Corona                   Hex            ###....      2%          1    None
 Slow                     Hex            ###.....     4%          2    None
 Ignite Poison            Fire/Tmut/Pois ####....     4%          3    None
 Blade Hands              Tmut           ######....   4%          5    ####...
 Confusing Touch          Hex            ###.....     6%          3    None
 Foxfire                  Conj/Fire      ##..         7%          1    None
 Inner Flame              Hex/Fire       ###.....     10%         3    None
 Portal Projectile        Hex/Tloc       ###...       10%         3    None
 Yara's Violent Unravell  Hex/Tmut       #####.....   12%         5    ####...
 Leda's Liquefaction      Hex/Erth       ####......   13%         4    ##.....
 Conjure Flame            Conj/Fire      ##......     16%         3    None
 Gell's Gravitas          Tloc           ##........   16%         3    None
 Cause Fear               Hex            ###.......   16%         4    ##.....
 Metabolic Englaciation   Hex/Ice        ####......   28%         5    ####...
 Sticky Flame             Conj/Fire      ##......     38%         4    ##.....
 Fireball                 Conj/Fire      ##........   69%         5    ####...
 Starburst                Conj/Fire      ##........   99%         6    ######.
 Ring of Flames           Chrm/Fire      ##........   100%        7    #######
 Ignition                 Fire           ##........   100%        8    #######


Dungeon Overview and Level Annotations

Branches:
Dungeon (12/15)            Temple (1/1) D:7            Lair (6/6) D:9
 Shoals (0/4) Lair:3        Snake (0/4) Lair:3        Slime (0/5) Lair:6
    Orc (2/2) D:9             Elf (0/3) Orc:2         IceCv (visited)

Altars:
Ashenzari
Cheibriados
Dithmenos
Elyvilon
Fedhas
Gozag
Hepliaklqana
Kikubaaqudgha
Makhleb
Nemelex Xobeh
Okawaru
Qazlal
Ru
Sif Muna
Trog
Uskayaw
Vehumet
Wu Jian
Xom
Yredelemnul
Zin
The Shining One
Beogh

Shops:
D:4 ([(   D:6 *   D:8 ?   D:9 !   Orc:2 *=?[[   Lair:1 %?

Annotations:
D:11 1 runed translucent door, kelmiir's ghost, journeyman MiFi
Lair:1 exclusion: oklob plant
Lair:6 exclusion: 3 oklob plants


Innate Abilities, Weirdness & Mutations

You cannot wear most types of armour.
You are very stealthy in the water. (Stealth+)
((You are amphibious.))
You can wear up to eight rings at the same time.
((You can use your tentacles to constrict eight enemies at once.))
((Your skin changes colour to match your surroundings (Stealth+).))
((Your rubbery body absorbs attacks. (AC +1, EV +1)))


Message History

You extend your transformation's duration.
The centaur warrior skeleton hits you!
You hit the manticore but do no damage.
The manticore is severely wounded.
You hit the manticore but do no damage.
The manticore looks as sick as possible!
The manticore is severely wounded.
You hit the manticore.
The manticore looks as sick as possible!
The manticore is severely wounded.
The manticore bites you. The manticore misses you.
The manticore completely misses you.
You hit the manticore but do no damage.
The manticore looks as sick as possible!
The manticore is severely wounded.
The manticore bites you!!
* * * LOW HITPOINT WARNING * * *
The manticore claws you!
You die...
Your body crumbles into a pile of gold.

.....# #.# #........# ######
#.####.###...## # #...##.#
##.## ## # #.#.##.# ### .#
## #.#.##.# #.# .##
##.#.##.# ##.# ..##
##.......# ##..#
...####.......#######...####
...'....#####...sHZ........+
...####.# #.#######...####
..## #.# #.# ##..# .## #.#
#.# ##.# ## #.#####.# ##.# #
#.......# #..# + ####.####
#.## . #.# #.#########. #
#.# ##.#.........


You could see a manticore (extremely poisoned) and a centaur warrior skeleton.

Vanquished Creatures
  An orc warlord (Orc:1)
  2 stone giants (Orc:2)
  Snorg (Orc:2)
  Josephine (Lair:4)
  A yaktaur captain (D:9)
  3 hydras
  A centaur warrior (D:9)
  3 orc high priests (Orc:2)
  A two-headed ogre (D:9)
  7 death yaks (D:9)
  7 orc knights
  A necromancer (IceCv)
  An ugly thing (D:12)
  6 orc sorcerers
  2 cyclopes
  A faun (Lair:4)
  Maurice (D:8)
  15 elephants
  7 black mambas
  Psyche (D:8)
  2 ice statues (IceCv)
  9 spiny frogs
  A rime drake (Lair:5)
  A centaur skeleton (D:12)
  Maggie (D:8)
  10 ice devils (IceCv)
  4 komodo dragons
  2 trolls
  A polar bear (Lair:3)
  3 slime creatures (D:12)
  Grinder (D:6)
  10 hippogriffs
  A dream sheep (Lair:5)
  A meliai zombie (D:12)
  12 blink frogs
  Sigmund (D:2)
  A spriggan (D:8)
  A shadow (D:9)
  3 wyverns (D:11)
  44 yaks
  3 wraiths (Lair:4)
  3 basilisks
  A steam dragon (D:11)
  4 hungry ghosts
  A vampire mosquito (D:12)
  4 wargs
  A two-headed ogre zombie (D:9)
  5 porcupines
  19 water moccasins
  34 orc warriors
  11 ice beasts
  An eye of draining (D:11)
  3 sky beasts
  4 phantoms
  2 black bears
  3 necrophages (D:7)
  2 centaurs
  11 ogres
  11 crocodiles
  9 bullfrogs
  A wyvern zombie (D:12)
  A wyvern skeleton (D:12)
  9 scorpions
  A water moccasin skeleton (D:4)
  2 troll zombies (D:9)
  15 killer bees
  3 wights
  An electric eel (D:7)
  3 crimson imps
  2 centaur zombies
  3 draconian simulacra (IceCv)
  2 bullfrog zombies
  6 jellies
  19 orc priests
  A bullfrog skeleton (D:8)
  6 hounds
  25 orc wizards
  3 iguanas
  2 troll simulacra (IceCv)
  A worker ant (D:5)
  2 centaur simulacra (IceCv)
  5 ogre zombies (D:9)
  A hound skeleton (D:9)
  3 mummies (D:7)
  3 worker ant zombies
  A howler monkey zombie (D:8)
  6 gnolls
  A howler monkey skeleton (D:5)
  2 naga simulacra (IceCv)
  16 adders
  An ogre simulacrum (IceCv)
  A shadow imp (D:6)
  An ooze (D:3)
  An adder skeleton (D:5)
  2 adder zombies
  2 worms
  2 dart slugs (D:1)
  4 leopard geckos
  70 orcs
  20 bats
  5 giant cockroaches
  10 goblins
  8 hobgoblins
  3 jackals (D:1)
  12 kobolds
  5 quokkas
  7 ball pythons
  11 frilled lizards
  5 goblin skeletons (D:9)
  2 goblin zombies (D:9)
  4 hobgoblin zombies (D:9)
  A leopard gecko skeleton (D:4)
  An orc skeleton (D:9)
  13 orc zombies (D:9)
  5 rats
646 creatures vanquished.

Vanquished Creatures (others)
  An orc wizard (D:5)
  25 foxfires (IceCv)
  10 fungi
  14 plants
50 creatures vanquished.

Grand Total: 696 creatures vanquished

Notes
Turn   | Place    | Note
-------+----------+-------------------------------------------
     0 | D:1      | Kagalorn the Octopode Arcane Marksman began the quest for
                  | the Orb.
     0 | D:1      | Reached XP level 1. HP: 13/13 MP: 2/2
   136 | D:1      | Reached XP level 2. HP: 11/18 MP: 0/3
   334 | D:1      | Reached skill level 1 in Stealth
   942 | D:1      | Reached XP level 3. HP: 14/23 MP: 2/4
  1219 | D:2      | Noticed Sigmund
  1724 | D:2      | Found a snail-covered altar of Cheibriados.
  1870 | D:3      | Reached XP level 4. HP: 29/29 MP: 5/5
  2255 | D:3      | Found an opulent altar of Gozag.
  2270 | D:3      | Became a worshipper of Gozag Ym Sagoz the Greedy
  2346 | D:3      | Found a hide-covered altar of Uskayaw.
  3164 | D:3      | Reached XP level 5. HP: 35/35 MP: 6/6
  3311 | D:4      | Found Nemep's Armour Shop.
  3327 | D:4      | Noticed a sky beast
  3332 | D:4      | Found Vin Emerch's Antique Weapon Boutique.
  3415 | D:4      | Reached skill level 5 in Stealth
  3556 | D:4      | Found Quashrenak's Antique Weapon Boutique.
  3560 | D:4      | Found Uxzuch's Food Shoppe.
  3652 | D:4      | Found a stormy altar of Qazlal.
  4084 | D:4      | Killed a sky beast
  4084 | D:4      | Reached XP level 6. HP: 23/42 MP: 7/7
  4443 | D:5      | Entered Level 5 of the Dungeon
  5255 | D:5      | Found a sacrificial altar of Ru.
  5283 | D:5      | Reached XP level 7. HP: 34/46 MP: 8/8
  5846 | D:5      | Found a burning altar of Makhleb.
  6336 | D:5      | Reached XP level 8. HP: 24/54 MP: 9/9
  6730 | D:6      | Learned a level 3 spell: Spider Form
  6849 | D:6      | Found a shimmering blue altar of Sif Muna.
  6913 | D:6      | Noticed Grinder
  7092 | D:6      | Reached skill level 1 in Transmutations
  7092 | D:6      | Reached skill level 1 in Poison Magic
  7485 | D:6      | Found Pupupem's Assorted Antiques.
  7639 | D:2      | Found an ancient bone altar of Kikubaaqudgha.
  7648 | D:2      | Found a basalt altar of Yredelemnul.
  7946 | D:2      | Killed Sigmund
  8225 | D:6      | Killed Grinder
  8225 | D:6      | Reached skill level 5 in Dodging
  8232 | D:6      | Bought a scroll labeled HUMECVIEVE for 26 gold pieces
  8232 | D:6      | Bought a silver wand for 104 gold pieces
  8232 | D:6      | Bought a sedimented purple potion for 23 gold pieces
  8232 | D:6      | Bought a scroll labeled CEAJIKL HIUQY for 26 gold pieces
  8232 | D:6      | Bought a pink potion for 23 gold pieces
  8316 | D:7      | Found a staircase to the Ecumenical Temple.
  8655 | D:7      | Found an iron altar of Okawaru.
  8708 | Temple   | Entered the Ecumenical Temple
  9433 | D:7      | Reached skill level 5 in Fighting
  9433 | D:7      | Reached skill level 10 in Stealth
  9433 | D:7      | Reached XP level 9. HP: 58/61 MP: 12/12
  9439 | D:7      | Learned a level 4 spell: Ice Form
  9497 | D:7      | Reached skill level 1 in Unarmed Combat
  9651 | D:7      | Reached skill level 1 in Ice Magic
  9952 | D:7      | Found Ymuuk's Food Emporium.
 10008 | D:6      | Reached skill level 2 in Unarmed Combat
 10736 | D:7      | Reached skill level 3 in Unarmed Combat
 10736 | D:7      | Reached skill level 5 in Transmutations
 11303 | D:8      | Noticed Maurice
 11726 | D:8      | Reached skill level 4 in Unarmed Combat
 11796 | D:8      | Noticed Psyche
 12145 | D:8      | Reached XP level 10. HP: 33/65 MP: 15/15
 12788 | D:7      | Found an iron altar of Okawaru.
 12796 | D:7      | Found a staircase to the Ecumenical Temple.
 13195 | D:7      | Found Ymuuk's Food Emporium.
 13607 | D:8      | Reached skill level 5 in Unarmed Combat
 14234 | D:8      | Noticed Maggie
 14536 | D:8      | Killed Maurice
 14883 | D:9      | Found a blossoming altar of Fedhas.
 14898 | D:9      | Found a hide-covered altar of Uskayaw.
 14967 | D:9      | Reached skill level 6 in Unarmed Combat
 15038 | D:9      | Found a staircase to the Orcish Mines.
 15366 | D:9      | Reached skill level 1 in Shields
 16017 | D:9      | Noticed a death yak
 16431 | D:9      | Noticed a death yak
 16520 | D:9      | Found a shadowy altar of Dithmenos.
 17111 | D:9      | Noticed a centaur warrior
 17111 | D:9      | Noticed a yaktaur captain
 17141 | D:9      | Killed a yaktaur captain
 17141 | D:9      | Reached skill level 7 in Unarmed Combat
 17141 | D:9      | Reached skill level 5 in Spellcasting
 17141 | D:9      | Reached XP level 11. HP: 22/71 MP: 18/18
 17375 | D:9      | Identified a scroll of acquirement
 17409 | D:9      | Killed a centaur warrior
 17416 | D:9      | Bought 2 potions of curing for 72 gold pieces
 17416 | D:9      | Bought a potion of curing for 36 gold pieces
 17416 | D:9      | Bought 2 potions of curing for 72 gold pieces
 17416 | D:9      | Bought 2 potions of haste for 240 gold pieces
 17416 | D:9      | Bought a potion of curing for 36 gold pieces
 17416 | D:9      | Bought 2 potions of lignification for 72 gold pieces
 17416 | D:9      | Bought a potion of ambrosia for 96 gold pieces
 17416 | D:9      | Bought a potion of heal wounds for 60 gold pieces
 17416 | D:9      | Bought a potion of heal wounds for 60 gold pieces
 17635 | D:9      | Killed a death yak
 17758 | D:9      | Found a staircase to the Lair.
 17760 | D:9      | Noticed a death yak
 17804 | D:9      | Killed a death yak
 17872 | D:9      | Killed a death yak
 17931 | D:9      | Noticed a death yak
 17932 | D:9      | Noticed a death yak
 17932 | D:9      | Noticed a death yak
 18002 | D:9      | Killed a death yak
 18052 | D:9      | Noticed a death yak
 18141 | D:9      | Killed a death yak
 18698 | D:9      | Found a staircase to the Lair.
 18828 | D:9      | Killed a death yak
 18861 | D:9      | Found a staircase to the Orcish Mines.
 18891 | D:9      | Found a shadowy altar of Dithmenos.
 18941 | D:9      | Found a staircase to the Lair.
 19043 | D:9      | Found a hide-covered altar of Uskayaw.
 19094 | D:9      | Found a blossoming altar of Fedhas.
 19309 | D:9      | Killed a death yak
 19309 | D:9      | Reached skill level 8 in Unarmed Combat
 19435 | D:10     | Entered Level 10 of the Dungeon
 19662 | D:10     | Got a bloodstained dagger
 19994 | D:10     | Noticed a two-headed ogre
 20019 | D:9      | Killed a two-headed ogre
 20750 | D:10     | Reached XP level 12. HP: 76/80 MP: 20/20
 20751 | D:10     | Reached skill level 1 in Evocations
 21389 | D:8      | Bought a scroll of identify for 24 gold pieces
 21389 | D:8      | Bought a scroll of remove curse for 36 gold pieces
 21389 | D:8      | Bought a scroll of teleportation for 36 gold pieces
 21389 | D:8      | Bought a scroll of identify for 24 gold pieces
 21478 | D:8      | Killed Maggie
 21715 | D:8      | Found a sparkling altar of Nemelex Xobeh.
 21781 | D:8      | Killed Psyche
 22058 | D:7      | Bought a ration for 70 gold pieces
 22058 | D:7      | Bought a ration for 70 gold pieces
 22058 | D:7      | Bought a ration for 70 gold pieces
 22058 | D:7      | Bought a ration for 70 gold pieces
 22058 | D:7      | Bought a ration for 70 gold pieces
 22058 | D:7      | Bought a ration for 70 gold pieces
 22058 | D:7      | Bought a ration for 70 gold pieces
 22058 | D:7      | Bought a ration for 70 gold pieces
 22058 | D:7      | Bought a ration for 70 gold pieces
 22143 | D:4      | Bought a ration for 65 gold pieces
 22143 | D:4      | Bought a ration for 65 gold pieces
 22143 | D:4      | Bought a ration for 65 gold pieces
 22143 | D:4      | Bought a ration for 65 gold pieces
 22143 | D:4      | Bought a ration for 65 gold pieces
 22143 | D:4      | Bought a ration for 65 gold pieces
 22143 | D:4      | Bought a ration for 65 gold pieces
 22326 | Lair:1   | Entered Level 1 of the Lair of Beasts
 23608 | D:11     | Found a runed translucent door.
 23609 | D:11     | Noticed kelmiir's ghost (journeyman MiFi)
 25850 | D:9      | Reached skill level 9 in Unarmed Combat
 26736 | Lair:2   | Noticed a four-headed hydra
 26805 | Lair:2   | Found a frozen archway.
 26922 | IceCv    | Entered an ice cave
 26976 | IceCv    | Learned a level 1 spell: Foxfire
 27267 | IceCv    | Reached XP level 13. HP: 88/88 MP: 23/23
 28077 | IceCv    | Reached skill level 5 in Evocations
 28993 | Lair:2   | Identified the cursed +1 dagger of Fear {vorpal, rN+} (You
                  | found it on level 10 of the Dungeon)
 31471 | Lair:3   | Found a staircase to the Snake Pit.
 31480 | Lair:3   | Reached skill level 10 in Transmutations
 32534 | Lair:1   | Bought a scroll of fog for 30 gold pieces
 32534 | Lair:1   | Bought a scroll of identify for 30 gold pieces
 32534 | Lair:1   | Bought a scroll of identify for 30 gold pieces
 32534 | Lair:1   | Bought a scroll of enchant armour for 112 gold pieces
 32534 | Lair:1   | Bought a scroll of identify for 30 gold pieces
 32534 | Lair:1   | Bought a scroll of teleportation for 45 gold pieces
 32534 | Lair:1   | Bought a scroll of magic mapping for 52 gold pieces
 32534 | Lair:1   | Bought a scroll of identify for 30 gold pieces
 32534 | Lair:1   | Bought a scroll of fog for 30 gold pieces
 32535 | Lair:1   | Bought a ration for 55 gold pieces
 32535 | Lair:1   | Bought a ration for 55 gold pieces
 32535 | Lair:1   | Bought a ration for 55 gold pieces
 32535 | Lair:1   | Bought a ration for 55 gold pieces
 32535 | Lair:1   | Bought a ration for 55 gold pieces
 32535 | Lair:1   | Bought a ration for 55 gold pieces
 32535 | Lair:1   | Bought a ration for 55 gold pieces
 32535 | Lair:1   | Bought a ration for 55 gold pieces
 32535 | Lair:1   | Bought a ration for 55 gold pieces
 32535 | Lair:1   | Bought a ration for 55 gold pieces
 32535 | Lair:1   | Bought a ration for 55 gold pieces
 32535 | Lair:1   | Bought a ration for 55 gold pieces
 32620 | Lair:3   | Reached skill level 10 in Unarmed Combat
 33506 | Lair:3   | Learned a level 4 spell: Petrify
 33863 | Lair:3   | Found a staircase to the Shoals.
 34272 | Lair:4   | Reached skill level 1 in Earth Magic
 34829 | Lair:4   | Found the +0 pair of fencer's gloves {Riposte Dex+3}
 35653 | Lair:5   | Reached XP level 14. HP: 31/97 MP: 26/26
 36039 | Lair:5   | Noticed Nessos
 36040 | Lair:5   | Noticed Nessos
 36040 | Lair:5   | Nessos changed into Nessos the faun
 36059 | Lair:4   | Killed Nessos the faun
 36134 | Lair:5   | Noticed Josephine
 36791 | Lair:4   | Killed Josephine
 37818 | Lair:5   | You fall into a shaft and drop 1 floor!
 37818 | Lair:6   | Entered Level 6 of the Lair of Beasts
 37819 | Lair:6   | Found a staircase to the Slime Pits.
 38756 | Lair:6   | Found the +8 longbow "Zephyr" {speed, Dex+3 SInv}
 39089 | Orc:1    | Entered Level 1 of the Orcish Mines
 39936 | Orc:2    | Entered Level 2 of the Orcish Mines
 41121 | Orc:2    | Found Binuc's Assorted Antiques.
 41124 | Orc:1    | Noticed a stone giant
 41251 | Orc:2    | Noticed an orc warlord
 41322 | Orc:1    | Killed an orc warlord
 42675 | Orc:2    | Found a staircase to the Elven Halls.
 43145 | Orc:2    | Reached skill level 10 in Fighting
 43178 | Orc:2    | Reached skill level 11 in Unarmed Combat
 43330 | Orc:2    | Reached skill level 10 in Dodging
 44095 | Orc:2    | Paralysed by an orc sorcerer for 4 turns
 44488 | Orc:2    | Found Belaimih's Antique Armour Shoppe.
 44488 | Orc:2    | Found Romiss's Jewellery Shoppe.
 44489 | Orc:2    | Found Dynlef's Armour Shop.
 44489 | Orc:2    | Found Ilihi's Magic Scroll Shop.
 44508 | Orc:2    | Bought an uncursed amulet of regeneration for 300 gold
                  | pieces
 44538 | Orc:2    | Bought a scroll of teleportation for 42 gold pieces
 44538 | Orc:2    | Bought a scroll of summoning for 133 gold pieces
 44538 | Orc:2    | Bought a scroll of blinking for 105 gold pieces
 44538 | Orc:2    | Bought a scroll of amnesia for 49 gold pieces
 44592 | Orc:1    | Found a roughly hewn altar of Beogh.
 44592 | Orc:1    | Noticed Snorg
 44592 | Orc:1    | Noticed a stone giant
 44729 | Orc:2    | Killed Snorg
 45022 | Orc:2    | Reached XP level 15. HP: 97/103 MP: 28/28
 45120 | Orc:2    | Bought a bone ring for 175 gold pieces
 45120 | Orc:2    | Bought a scroll of teleportation for 105 gold pieces
 45120 | Orc:2    | Bought a scroll of magic mapping for 122 gold pieces
 46505 | D:12     | Reached skill level 10 in Spellcasting
 46510 | D:12     | Reached skill level 12 in Unarmed Combat
 47257 | D:12     | Slain by a manticore

Illustrated notes

Levels and vault maps discovered:
D:1:      shiori_arrival_elements, layout_basic, minivault_5
D:2:      layout_basic, yredelemnul_altar_generic, lemuel_crystal_altar,
          nicolae_overflow_crystal_walls, first_ration, uniq_sigmund
D:3:      layout_basic, overflow_temple_1_default, grunt_gozag_breadcrumbs
D:4:      layout_cave_pools, grunt_qazlal_clouds, serial_shops, shop,
          nicolae_shop_behind_doors, shop, shop
D:5:      wander_river, layout_rooms, lemuel_doored_altar,
          makhleb_blood_cavern_becter
D:6:      layout_loops_cross, marbit_many_paths, serial_shops, shop,
          minmay_lizard_king, uniq_grinder
D:7:      layout_rooms, okawaru_metal_pillars_1_2, minmay_temple_entry_grid,
          serial_shops, kennysheep_mini_moat, serial_undead, serial_undead_f,
          serial_undead_c, serial_undead_d, serial_undead_e, serial_undead_e,
          serial_undead_f, serial_undead_a
D:8:      layout_layer_cave, lemuel_round_altar, the_bakery,
          corexii_hall_statues_t, minivault_5, uniq_psyche, uniq_maggie,
          uniq_maurice
D:9:      minmay_sliced_demisemicircle, layout_loops_ring,
          nicolae_overflow_hidden_temple, nicolae_dithmenos_the_darkroom,
          dpeg_lair_monsters, zombieorc2_lemuel, serial_co_window_serial,
          co_window_corner_a, co_window_paths_a, co_window_corner_a,
          co_window_paths_a, co_window_of_opportunity_a,
          co_window_unsneaky_path_e, co_window_of_opportunity_c,
          co_window_corner_b, co_window_of_opportunity_b,
          co_window_of_opportunity_b, co_window_of_opportunity_c,
          glass_columns_a, basic_altar
D:10:     layout_basic
D:11:     layout_basic, gammafunk_ghost_grave
D:12:     minmay_triangles_in_corner, layout_loops_corners,
          minmay_misc_feat_enclosed, roderic_batcave
Temple:   jpeg_temple_island
Lair:1:   layout_hall_layers, minmay_lair_oklob_items, grunt_megastairs_3,
          infiniplex_staircase_pool_2
Lair:2:   layout_chaotic_city, portal_ice_cave_entry_ice_beasts,
          lemuel_fruit_tree, grunt_megastairs_1
Lair:3:   layout_long_grid, elwin_shoals_entry_rocks,
          minmay_snake_entry_six_corridors
Lair:4:   layout_cave_pods
Lair:5:   layout_regular_city, serial_bayou_shore_b, uniq_josephine, uniq_nessos
Lair:6:   minmay_lair_end_enchanted_forest, layout_cave_shapes, slime_altar_1,
          minmay_lair_oklob_chamber
Orc:1:    layout_caves, basic_altar, statue_in_the_mist_lemuel, uniq_snorg
Orc:2:    st_orc_elflike, layout_caves, serial_shops,
          nicolae_shop_overgrown_old_shop

Skill      XL: |  1  2  3  4  5  6  7  8  9 10 11 12 13 14 15 |
---------------+----------------------------------------------+-----
Stealth        | 2 3 4 6 8 10 | 10.0
Fighting       | 2 3 4 5 6 7 9 10 | 10.0
Dodging        | 3 4 5 6 7 9 10 | 10.0
Transmutations | 3 6 7 8 9 10 | 10.0
Poison Magic   | 3 |  3.0
Spellcasting   | 2 3 5 6 8 9 10 | 10.0
Unarmed Combat | 4 7 8 9 10 11 12 | 12.4
Ice Magic      | 2 4 |  4.0
Shields        | 2 4 |  4.0
Evocations     | 4 6 8 |  8.0
Earth Magic    | 2 4 |  4.0
Throwing       | |  2.1
Hexes          | |  3.0

Action                   |  1- 3 |  4- 6 |  7- 9 | 10-12 | 13-15 || total
-------------------------+-------+-------+-------+-------+-------++-------
Melee: Unarmed           |    16 |       |   158 |   856 |  1341 ||  2371
       Constrict         |    21 |    29 |    47 |    18 |    21 ||   136
       Tentacles         |    10 |    28 |    49 |    25 |    35 ||   147
       Dagger            |    64 |   144 |   191 |       |       ||   399
       Punch             |       |       |     3 |    10 |    10 ||    23
       Short sword       |       |       |       |       |    69 ||    69
Throw: Dart              |       |    27 |   130 |    55 |     9 ||   221
       Javelin           |       |       |     5 |     6 |       ||    11
       Boomerang         |       |       |    11 |       |       ||    11
 Cast: Corona            |    19 |     1 |       |       |       ||    20
       Spider Form       |       |       |     5 |    40 |    77 ||   122
       Ice Form          |       |       |     1 |    35 |    53 ||    89
       Foxfire           |       |       |       |     8 |     6 ||    14
       Petrify           |       |       |       |       |    47 ||    47
Invok: Potion Petition   |       |     1 |       |       |       ||     1
       Call Merchant     |       |       |     1 |     1 |     2 ||     4
 Abil: End Transformatio |       |       |       |       |     3 ||     3
Evoke: Wand              |       |       |     2 |     3 |    12 ||    17
  Use: Scroll            |     3 |     4 |     5 |    13 |    18 ||    43
       Potion            |       |     2 |       |     4 |     3 ||     9
 Stab: Sleeping          |    11 |    14 |    10 |    17 |    19 ||    71
       Distracted        |       |       |     2 |     7 |     7 ||    16
       Petrified         |       |       |       |       |    94 ||    94
       Paralysed         |       |       |       |       |     4 ||     4
       Petrifying        |       |       |       |       |     4 ||     4
  Eat: Chunk             |     3 |     2 |       |       |       ||     5
       Ration            |       |     3 |     7 |    17 |    21 ||    48
Armor: Skin              |     2 |     1 |    10 |    68 |    92 ||   173
Dodge: Dodged            |    56 |    75 |   222 |   651 |  1240 ||  2244
Block: Buckler           |       |       |       |    12 |    39 ||    51
